 Dungeon Crawl Stone Soup version 0.28-a0-1312-g71652a0310 (webtiles) character file.

Game seed: 4681467690069697392

5236 r3xj the Fighter (level 10, -6/83 HPs)
             Began as a Demonspawn Gladiator on Dec 28, 2021.
             Was a Priest of Ru.
             Mangled by an orc warrior (20 damage)
             ... on level 9 of the Dungeon.
             The game lasted 00:48:27 (15119 turns).

r3xj the Fighter (Demonspawn Gladiator)            Turns: 15119, Time: 00:48:28

Health: -6/83      AC: 18    Str: 19    XL:     10   Next: 35%
Magic:  10/10      EV:  7    Int:  9    God:    Ru [***...]
Gold:   731        SH:  5    Dex: 15    Spells: 9/9 levels left

rFire   . . .      SeeInvis .   a - +0 flail
rCold   + . .      Faith    .   k - +0 buckler
rNeg    + . .      Spirit   .   O - +1 plate armour {rC+}
rPois   .          Reflect  .   c - +0 helmet
rElec   .          Harm     .   i - +2 cloak
rCorr   .          Rampage  .   (no gloves)
Will    .....                   K - +0 pair of boots
Stlth   ..........              (no amulet)
HPRegen 0.23/turn               f - ring of positive energy
MPRegen 0.12/turn               m - ring of flight

@: flying
A: powered by pain 2, no stealth, inability to use devices, weakness stinger 2
a: Renounce Religion, Draw Out Power


You were on level 9 of the Dungeon.
You worshipped Ru.
Ru was most pleased with you.
You visited 1 branch of the dungeon, and saw 9 of its levels.
You also visited: Sewer.

You collected 731 gold pieces.

Inventory:

Hand Weapons
 a - a +0 flail (weapon)
 b - a +2 hunting sling of freezing
 x - a +2 vorpal trident
 E - a +3 whip
 I - the +8 rapier "Saack" {pain, Fragile rN+ Will+ Int+7}
   (You found it on level 6 of the Dungeon)

   In the hands of one skilled in necromantic magic, it inflicts extra damage on
   living creatures.
   Int:       It affects your intelligence (+7).
   rN:        It protects you from negative energy.
   Fragile:   It will be destroyed if unequipped.
   Will:      It increases your willpower.
 M - a +2 quarterstaff of chaos
Missiles
 d - 6 throwing nets (quivered)
 j - 211 stones
 p - 68 sling bullets
 P - 2 boomerangs
Armour
 c - a +0 helmet (worn)
 i - a +2 cloak (worn)
 k - a +0 buckler (worn)
 J - a +0 kite shield
 K - a +0 pair of boots (worn)
 O - a +1 plate armour of cold resistance (worn)
Jewellery
 f - a ring of positive energy (left hand)
 g - a ring of fire
 m - a ring of flight (right hand)
 v - a ring of positive energy
 N - a ring of resist corrosion
Scrolls
 e - a scroll of immolation {unknown}
 l - 3 scrolls of enchant armour {unknown}
 o - 2 scrolls of brand weapon {unknown}
 q - a scroll of amnesia {unknown}
 w - a scroll of fog {unknown}
 y - a scroll of vulnerability {unknown}
 C - a scroll of summoning {unknown}
 D - 5 scrolls of blinking {unknown}
 G - a scroll of magic mapping {unknown}
 H - 2 scrolls of fear {unknown}
 L - a scroll of silence {unknown}
Potions
 h - 3 potions of magic
 n - 3 potions of might
 r - a potion of brilliance
 s - a potion of resistance {unknown}
 t - 3 potions of flight
 z - a potion of lignification
 A - a potion of mutation
 B - a potion of haste
 F - 2 potions of curing


   Skills:
 + Level 9.3 Fighting
 + Level 8.8 Maces & Flails
 - Level 2.0 Throwing
 - Level 5.0 Armour
 - Level 5.0 Dodging
 - Level 4.0 Shields


You had 9 spell levels left.
You didn't know any spells.
Your spell library contained the following spells:

 Spells                   Type           Power      Damage    Failure   Level
 Magic Dart               Conj           0%         1d3       100%        1
 Call Imp                 Summ           0%         N/A       100%        2
 Ensorcelled Hibernation  Hex/Ice        0%         N/A       100%        2
 Mephitic Cloud           Conj/Pois/Air  0%         N/A       100%        3
 Tukima's Dance           Hex            0%         N/A       100%        3
 Enfeeble                 Hex            0%         N/A       100%        7
 Malign Gateway           Summ/Tloc      0%         N/A       100%        7
 Summon Horrible Things   Summ           0%         N/A       100%        8


Dungeon Overview and Level Annotations

Branches:
Dungeon (9/15)             Temple (0/1) D:5           Sewer (visited)
   Lair: D:8-11         Orc: D:9-12

Altars:
Dithmenos
Makhleb
Ru
Trog
Wu Jian
The Shining One

Shops:
D:2 *   D:5 (   D:7 :


Innate Abilities, Weirdness & Mutations

You sometimes gain power by taking damage.
You cannot be stealthy.
You cannot study or use magical devices.
You have a tail ending in a sharp stinger.


Message History

The orc warrior is severely wounded.
The orc warrior hits you with a +0 glaive.
Unknown command.
You hit the orc warrior but do no damage.
The orc warrior is severely wounded.
The orc warrior barely misses you.
You completely miss the orc warrior.
The orc warrior is severely wounded.
The orc warrior hits you with a +0 glaive.
Unknown command.
You barely miss the orc warrior.
The orc warrior is severely wounded.
The orc warrior hits you but does no damage.
Unknown command.
You hit the orc warrior.
You tail-slap the orc warrior, but do no damage.
The orc warrior is severely wounded.
The orc warrior hits you with a +0 glaive!
You focus your inner power and blind the orc warrior in retribution!
Unknown command.
You are too injured to fight recklessly!
Unknown command.
You are too injured to fight recklessly!
You are too injured to fight recklessly!
You closely miss the orc warrior.
The orc warrior is severely wounded.
The orc warrior closely misses you.
You hit the orc warrior but do no damage.
The orc warrior is severely wounded.
The orc warrior hits you with a +0 glaive!
* * * LOW HITPOINT WARNING * * *
You hit the orc warrior.
The orc warrior is almost dead.
The orc warrior hits you with a +0 glaive.
* * * LOW HITPOINT WARNING * * *
You hit the orc warrior but do no damage.
You tail-slap the orc warrior.
The orc warrior is almost dead.
The orc warrior hits you with a +0 glaive!!
You die...

#.........# #.........+
#.........# #.........#
#......######## #########
#......#......# .........
#....#.#......+ .........
#....#.'<.....# .........
#....#.#@.....# .........
#....#.#.o....# .........
#....#.#......# .........
#......#......# .......).
#......#################)
#.......................)
#.^......................
#.#######..####..###.....
#. ######..# #..###.....


You could see an orc warrior (blind).

Vanquished Creatures
  Joseph (D:8)
  Maggie (D:7)
  A wyvern (D:9)
  Sigmund (D:2)
  Grum (D:5)
  A steam dragon (D:7)
  An acid dragon (D:8)
  2 water moccasins
  5 orc warriors
  A sky beast (D:7)
  A black bear (D:4)
  A wolf (D:5)
  4 centaurs
  5 bullfrogs
  4 kobold brigands
  3 gnoll sergeants (D:5)
  2 wyvern zombies
  A scorpion (D:6)
  2 water moccasin skeletons
  A howler monkey (D:6)
  A centaur zombie (D:6)
  7 hounds
  A bullfrog zombie (D:5)
  Crazy Yiuf (D:7)
  3 jellies
  5 orc priests
  4 gnoll shamans
  2 bullfrog skeletons (D:5)
  2 iguanas
  9 orc wizards
  2 hound skeletons
  28 gnolls
  7 adders
  4 river rats
  A shadow imp (D:4)
  A white imp (D:8)
  An adder skeleton (D:4)
  2 dart slugs
  29 orcs
  9 endoplasms
  5 giant cockroaches
  4 goblins
  5 hobgoblins
  11 jackals
  3 quokkas
  12 ball pythons
  3 bats
  5 frilled lizards
  32 kobolds
  11 rats
249 creatures vanquished.

Vanquished Creatures (others)
  Prince Ribbit (D:7)
  An adder (D:6)
  An orc (D:7)
  11 plants (Sewer)
14 creatures vanquished.

Grand Total: 263 creatures vanquished

Notes
Turn   | Place    | Note
-------+----------+-------------------------------------------
     0 | D:1      | r3xj the Demonspawn Gladiator began the quest for the Orb.
     0 | D:1      | Reached XP level 1. HP: 16/16 MP: 1/1
   357 | D:1      | Gained mutation: You sometimes gain a little power by
                  | taking damage. [demonic ancestry]
   357 | D:1      | Reached XP level 2. HP: 22/22 MP: 2/2
   394 | D:1      | Found a faded altar of an unknown god.
  1145 | D:2      | Reached XP level 3. HP: 14/28 MP: 3/3
  1641 | D:2      | Noticed Sigmund
  2133 | D:2      | Found Coufolip's General Store.
  2227 | D:2      | Killed Sigmund
  2228 | D:2      | Reached skill level 3 in Fighting
  2228 | D:2      | Reached skill level 1 in Shields
  2228 | D:2      | Reached XP level 4. HP: 18/35 MP: 4/4
  2228 | D:2      | Reached XP level 5. HP: 21/41 MP: 5/5
  2792 | D:3      | Found a sacrificial altar of Ru.
  2860 | D:3      | Became a worshipper of Ru the Awakened
  3089 | D:3      | Gained mutation: You sometimes gain power by taking damage.
                  | [demonic ancestry]
  3089 | D:3      | Reached XP level 6. HP: 47/47 MP: 6/6
  3515 | D:3      | Found a burning altar of Makhleb.
  3515 | D:3      | Noticed a blizzard demon
  3519 | D:3      | Noticed a ynoxinul
  3519 | D:3      | Noticed an orange demon
  3914 | D:4      | Reached skill level 4 in Fighting
  4284 | D:4      | Gained mutation: You have a small tail. [demonic ancestry]
  4284 | D:4      | Reached XP level 7. HP: 23/54 MP: 7/7
  4914 | D:4      | Gained mutation: You cannot study or use magical devices.
                  | [Ru sacrifice]
  4914 | D:4      | Reached * piety under Ru
  4914 | D:4      | Reached ** piety under Ru
  5020 | D:5      | Entered Level 5 of the Dungeon
  5023 | D:5      | Found a staircase to the Ecumenical Temple.
  5072 | D:5      | Found Ryomeq's Weapon Boutique.
  5079 | D:5      | Found a glowing drain.
  5115 | Sewer    | Entered a sewer
  5578 | Sewer    | Reached skill level 1 in Armour
  6665 | D:5      | Reached XP level 8. HP: 25/61 MP: 8/8
  7279 | D:5      | Found a shadowy altar of Dithmenos.
  7306 | D:5      | Reached skill level 5 in Maces & Flails
  7317 | D:5      | Reached skill level 5 in Fighting
  7317 | D:5      | Reached skill level 5 in Dodging
  9224 | D:5      | Noticed Grum
  9234 | D:5      | Killed Grum
  9235 | D:5      | Reached skill level 6 in Fighting
  9853 | D:6      | Gained mutation: You have a tail ending in a sharp stinger.
                  | [demonic ancestry]
  9853 | D:6      | Reached XP level 9. HP: 42/70 MP: 9/9
 10384 | D:6      | Identified the +8 rapier "Saack" {pain, Fragile rN+ Will+
                  | Int+7}
 10427 | D:7      | Noticed Maggie
 10441 | D:7      | Noticed Prince Ribbit
 10737 | D:7      | Killed Prince Ribbit
 10811 | D:7      | Reached skill level 7 in Fighting
 10943 | D:7      | Found a bloodstained altar of Trog.
 11011 | D:7      | Reached skill level 5 in Armour
 11432 | D:7      | Found Ysy Den's Self-Improvement Boutique.
 11650 | D:7      | Found a runed translucent door.
 11651 | D:7      | Noticed Crazy Yiuf
 11830 | D:7      | Killed Maggie
 12000 | D:7      | Reached skill level 8 in Fighting
 12228 | D:7      | Killed Crazy Yiuf
 12762 | D:8      | Reached XP level 10. HP: 39/82 MP: 10/10
 13475 | D:8      | Found an ornate altar of the Wu Jian Council.
 14250 | D:9      | Noticed Joseph
 14267 | D:8      | Killed Joseph
 14420 | D:9      | Reached skill level 9 in Fighting
 14585 | D:9      | Gained mutation: You cannot be stealthy. [Ru sacrifice]
 14585 | D:9      | Reached *** piety under Ru
 15119 | D:9      | Mangled by an orc warrior

Illustrated notes

Levels and vault maps discovered:
D:1:      co_arrival_square_in_a_square_in_a_square, layout_loops_ring,
          ebering_ecumenical_altar_sacrificial
D:2:      layout_basic, serial_shops, nicolae_shop_window_shopping,
          minmay_bisected, uniq_sigmund
D:3:      layout_loops_ring, mainiacjoe_overflow_small_starburst,
          makhleb_altar_promises_db
D:4:      layout_rooms
D:5:      layout_cave_pools, chequers_temple_overflow_statue_of_worship,
          minmay_temple_entry_slanted, portal_sewer_entry_c, serial_gnoll_camp,
          grums_kennel, gnoll_camp_mini_shop, gnoll_camp_medium_02,
          gnoll_camp_huts_basic
D:6:      layout_cave_pools
D:7:      layout_loops_corners, general_overflow_altar, nicolae_shop_self_help,
          uniq_crazy_yiuf_cottage, uniq_maggie, uniq_prince_ribbit1
D:8:      minmay_goldmine, layout_loops_cross,
          mainiacjoe_overflow_surrounded_room, st_stairs_2,
          chequers_serial_rivers_micro_a, roderic_serpentine_path
D:9:      layout_stronghold, uniq_joseph

Skill      XL: |  1  2  3  4  5  6  7  8  9 10 |
---------------+-------------------------------+-----
Throwing       | 2 |  2.0
Dodging        | 3 4 5 |  5.0
Maces & Flails | 3 4 6 8 |  8.8
Fighting       | 3 4 6 8 9 |  9.3
Shields        | 1 2 3 4 |  4.0
Armour         | 1 4 5 |  5.0

Action                   |  1- 3 |  4- 6 |  7- 9 | 10-12 || total
-------------------------+-------+-------+-------+-------++-------
Melee: Flail             |   101 |    84 |   628 |   194 ||  1007
       Tailslap          |       |       |    93 |    32 ||   125
 Fire: Hunting sling     |    16 |    65 |    46 |       ||   127
Throw: Throwing net      |     4 |       |       |       ||     4
Invok: Sacrifice Artific |       |       |     1 |       ||     1
       Sacrifice Stealth |       |       |       |     1 ||     1
  Use: Potion            |       |       |     1 |       ||     1
       Scroll            |       |       |       |     7 ||     7
 Stab: Held in net/web   |     1 |       |       |       ||     1
       Invisible         |       |       |     6 |     2 ||     8
       Distracted        |       |       |     1 |       ||     1
Armor: Leather armour    |    40 |    19 |     1 |       ||    60
       Chain mail        |       |       |   277 |    22 ||   299
       Plate armour      |       |       |       |    55 ||    55
Dodge: Dodged            |    69 |    51 |   257 |    58 ||   435
Block: Buckler           |     6 |    20 |   151 |    30 ||   207

Table legend: (Time is in decaauts)
 A = Elapsed time spent in this place.
 B = Non-inter-level travel time spent in this place.
 C = Inter-level travel time spent in this place.
 D = Time resting spent in this place.
 E = Time spent auto-exploring this place.
 F = Levels seen in this place.
 G = Mean time per level.
                   A        B        C        D        E       F      G
               +--------+--------+--------+--------+--------+-----+--------+
         Total |  15247 |  14459 |    788 |   3612 |   8279 |  10 | 1524.7 |
       Dungeon |  14041 |  13253 |    788 |   3265 |   7677 |   9 | 1560.1 |
         Sewer |   1205 |   1205 |      0 |    347 |    602 |   1 | 1205.0 |
               +--------+--------+--------+--------+--------+-----+--------+

Top non-repeatable levels by time:
     D:5: 2690 daAuts
     D:8: 2138 daAuts
     D:4: 1873 daAuts
     D:7: 1820 daAuts
     D:2: 1635 daAuts
   Sewer: 1205 daAuts
     D:1: 1188 daAuts
     D:3: 1102 daAuts
     D:6: 881 daAuts
     D:9: 710 daAuts
